[Event "Late-Titled-Tuesday-Blitz-January-23-2024"]
[Site "Chess.com"]
[Date "2024.01.23"]
[Round "9"]
[White "Statham_01"]
[Black "grzechu96"]
[Result "0-1"]
[WhiteElo "2563"]
[BlackElo "2726"]
[TimeControl "180+1"]
[EndTime "15:43:45 PST"]
[Termination "grzechu96 won by resignation"]

1. e4 c5 2. Nf3 d6 3. d4 cxd4 4. Nxd4 Nf6 5. Nc3 a6 6. a3 Qc7 7.
Bg5 Nbd7 8. Bd3 e6 9. Qe2 Be7 10. f4 b5 11. Nf3 Bb7 12. O-O O-O 13. Kh1 Rfe8 14. Rae1 h6 15. Bh4 Nc5 16. e5 Nd5 17. Nxd5 Bxd5 18. Bg3 dxe5 19. Nxe5 f5 20. Qh5 Bf6 21.
Bh4 Bxe5 22. fxe5 Nxd3 23. cxd3 Qc2 24. Qg6 Rec8 25. Bf6 Qxg2+ 26. Qxg2 Bxg2+ 27. Kxg2 gxf6 28. exf6 Kf7 29. Kf3 Kxf6 30. Re2 Rc6 31. Rg1 Rd8 32. Reg2 Rxd3+ 33. Ke2 Rh3 34. Kd2 Rc4 35. Rg7 Rxh2+ 36.
Kd3 Rh3+ 37. Kd2 Rd4+ 38. Kc2 Re4 39. R1g6+ Ke5 40. Ra7 Re2+ 41. Kb1 Kf4 42. Rxa6 e5 43. Rab6 Rb3 44. Rxh6 Rbxb2+ 45. Kc1 Rbc2+ 46. Kd1 Rcd2+ 47. Kc1 Ra2 48. Kb1 Reb2+ 49. Kc1 Rg2 50. Kb1 Raf2 51. Rh1 Rb2+ 52. Kc1 Rgc2+ 53. Kd1 Rb1+ 54. Kxc2 Rxh1 55. Rxb5 e4 56. a4 Ra1 57. a5 e3 58. Kd3 Ra3+ 59.
Ke2 Ra2+ 60. Ke1 Ke4 61. Kf1 f4 62. Kg1 f3 63. Rb4+ Kf5 64. Rb5+ Kf4 65. Kh1 Ra1+ 66.
Kh2 e2 67. Rb4+ Ke5 68. Rb5+ Kd6 69. Rb6+ Kc5 70. Re6 e1=Q 71. Rxe1 Rxe1 72. a6 0-1

[Event "Late-Titled-Tuesday-Blitz-January-23-2024"]
[Site "Chess.com"]
[Date "2024.01.23"]
[Round "9"]
[White "OparinGrigoriy"]
[Black "Rodalquilar"]
[Result "1/2-1/2"]
[WhiteElo "3005"]
[BlackElo "2768"]
[TimeControl "180+1"]
[EndTime "15:43:50 PST"]
[Termination "Game drawn - insufficient material"]

1. g3 d5 2. Bg2 Nf6 3. c4 e6 4. Nf3 Be7 5. O-O O-O 6. d4 dxc4 7. Qc2 a6 8. a4 Bd7 9. Rd1 Nc6 10. Qxc4 b5 11.
axb5 axb5 12. Rxa8 bxc4 13. Rxd8 Rxd8 14. Nc3 Be8 15.
Bf4 Rb8 16. Rd2 Bd6 17. Ne5 Na5 18. d5 g5 19. Nc6 Nxc6 20. Bxd6 cxd6 21. dxc6 d5 22.
e4 Bxc6 23. exd5 Nxd5 24. Bxd5 Bxd5 25. Nxd5 exd5 26. Rxd5 Rxb2 27. Rxg5+ Kf8 28. Rc5 Rc2 29. Kg2 Kg7 30. Kf3 h6 31. Ke3 Rc1 32. h4 Kg6 33. g4 Kg7 34. h5 Rc3+ 35. Ke4 Rc2 36. f3 Rc1 37. f4 c3 38. Kf5 Rc2 39. Ke5 Re2+ 40. Kf5 Re3 41. Rc4 Rg3 42. g5 hxg5 43. fxg5 Rf3+ 44. Kg4 Rd3 45. h6+ Kh7 46. Rc6 Rd4+ 47.
Kh5 Rd3 48. Rc7 Kg8 49. Kg4 Rd4+ 50. Kf5 Rd3 51. Ke4 Rg3 52. Kf4 Rd3 53. Ke5 Rg3 54.
Kf5 Rf3+ 55. Kg4 Rd3 56. Rc5 Re3 57. Kf4 Rd3 58. Ke4 Rg3 59. Kf5 Rf3+ 60. Kg4 Rd3 61. Rc4 Kh7 62. Kf5 Rf3+ 63. Ke4 Rg3 64. Kf4 Rd3 65.
Rc6 Kg8 66. Rc7 Rh3 67. Rc8+ Kh7 68. Rc5 Kg8 69. Rc7 Rd3 70. Ke5 Rg3 71. Kf5 Rf3+ 72.
Ke4 Rg3 73. Rc5 Kh7 74. Kf4 Rd3 75. Rc6 Rh3 76. Ke5 Rf3 77. Ke4 Rg3 78. Kf5 Rf3+ 79. Ke5 Rg3 80. Kf6 Rf3+ 81. Ke7 Rf5 82. Rxc3 Rxg5 83. Kf6 Rg6+ 84. Kxf7 Rg1 85. Rf3 Kxh6 86. Rf6+ Kh5 87. Ke7 Rg6 88. Rxg6 Kxg6 1/2-1/2

[Event "Late-Titled-Tuesday-Blitz-January-23-2024"]
[Site "Chess.com"]
[Date "2024.01.23"]
[Round "9"]
[White "Horokoskii"]
[Black "UnTucopalaTimba"]
[Result "1-0"]
[WhiteElo "2088"]
[BlackElo "1925"]
[TimeControl "180+1"]
[EndTime "15:43:54 PST"]
[Termination "Horokoskii won on time"]

1. c4 c6 2. e4 d5 3. exd5 cxd5 4. d4 Nf6 5. Nc3 Nc6 6. Nf3 Bg4 7.
cxd5 Nxd5 8. Be2 Nxc3 9. bxc3 e6 10. O-O Bd6 11. h3 Bh5 12. a4 O-O 13. Ba3 Bxa3 14.
Rxa3 a5 15. Ne5 Nxe5 16. Bxh5 Nc4 17. Rb3 Qc7 18. Be2 Nd6 19. Bd3 Rfc8 20. Qh5 g6 21. Qf3 Qc6 22. Qg3 Nf5 23. Bxf5 exf5 24. Rfb1 Qxa4 25. Rxb7 Qc6 26. Qe5 Re8 27. Qc7 Qxc7 28.
Rxc7 Rec8 29. Rbb7 Rxc7 30. Rxc7 a4 31. Rb7 a3 32. Rb1 Rc8 33. Rb3 a2 34. Ra3 Kf8 35. Rxa2 Rxc3 36. Rd2 Ke7 37. g3 Kd6 38. Kg2 Kd5 39.
Re2 Kxd4 40. Re7 Rc6 41. Rxf7 h5 42. Kf3 Ke5 43. Rf8 Rc3+ 44. Kg2 Rc6 45. Ra8 Kf6 46. Ra5 Ke6 47. Kf3 Kf6 48. Ra3 g5 49. Ra5 Ke6 50.
Rb5 Kf6 51. Ra5 Kg6 52. h4 Rc3+ 53. Kg2 Rc6 54. Rd5 g4 55. Ra5 Kf6 56. Ra2 Kg6 57. f3 Kh6 58. Re2 Kg6 59. Kf2 Kf6 60. Rb2 Kg6 61.
Ra2 Kf6 62. fxg4 fxg4 63. Ra5 Kg6 64. Rg5+ Kh6 65. Ke3 Rf6 66. Ke2 Rf3 67. Ra5 Rf6 68.
Ra3 Kg6 69. Ke1 Kh6 70. Re3 Kg6 71. Ke2 Kh6 72. Rd3 Kg6 73. Rd5 Rf3 74. Rd3 Rf6 75. Re3 Kh6 76. Kd3 Kg6 77. Ke4 1-0

[Event "Late-Titled-Tuesday-Blitz-January-23-2024"]
[Site "Chess.com"]
[Date "2024.01.23"]
[Round "9"]
[White "jcibarra"]
[Black "Mikhail_Golubev"]
[Result "0-1"]
[WhiteElo "2844"]
[BlackElo "2565"]
[TimeControl "180+1"]
[EndTime "15:44:16 PST"]
[Termination "Mikhail_Golubev won by checkmate"]

1. e4 c5 2. Nf3 d6 3. c3 Nf6 4. h3 g6 5. Bd3 Bg7 6. Bc2 O-O 7. O-O b5 8. d4 Bb7 9. Re1 cxd4 10. cxd4 Nc6 11. a3 Rc8 12. Nc3 b4 13.
axb4 Nxb4 14. Bb3 a5 15. Bg5 d5 16. exd5 Nbxd5 17. Na4 h6 18. Bd2 Nb4 19. Bxb4 axb4 20. Ne5 Bd5 21. Bxd5 Nxd5 22. Qf3 Qd6 23. Rad1 e6 24.
h4 Rc2 25. Qe4 Rfc8 26. g3 Bxe5 27. dxe5 Qa6 28. Nc3 R2xc3 29. bxc3 Nxc3 30. Qxb4 Nxd1 31. Rxd1 Qe2 32. Qd4 Qf3 33. Ra1 Ra8 34. Rc1 h5 35. Qd2 Qe4 36. Re1 Qf3 37. Qb2 Qd5 38. Qc3 Rd8 39.
Ra1 Qd4 40. Qe1 Qd5 41. Rc1 Qf3 42. Ra1 Rd3 43. Rc1 Kg7 44. Qa5 Rd5 45. Qe1 Qf5 46. f4 Rd3 47. Rc3 Rxc3 48. Qxc3 Qe4 49. Kf2 Qd5 50.
Qe3 Qa2+ 51. Kf3 Qd5+ 52. Qe4 Qb3+ 53. Kg2 Qa2+ 54. Kg1 Qa1+ 55. Kf2 Qb2+ 56. Qe2 Qb4 57. Qe3 Qb2+ 58. Kf3 Qb7+ 59. Ke2 Qb2+ 60. Ke1 Qb1+ 61.
Kd2 Qb2+ 62. Kd3 Qb3+ 63. Ke2 Qb2+ 64. Qd2 Qb5+ 65. Qd3 Qc6 66. Qd8 Qg2+ 67. Kd1 Qxg3 68. Qf6+ Kg8 69. Qd8+ Kh7 70. Qf6 Qg4+ 71. Kd2 Qf5 72.
Qxf5 gxf5 73. Kc3 Kg6 74. Kd4 f6 75. exf6 Kxf6 76. Kc4 e5 77. Kd5 exf4 78. Kd4 f3 79. Ke3 Ke5 80. Kxf3 f4 81. Kf2 Ke4 82. Ke2 f3+ 83. Kf2 Kf4 84. Kg1 Kg3 85. Kh1 Kxh4 86. Kh2 Kg4 87. Kh1 h4 88. Kh2 h3 89. Kh1 Kg3 90. Kg1 f2+ 91. Kh1 f1=Q# 0-1

[Event "Late-Titled-Tuesday-Blitz-January-23-2024"]
[Site "Chess.com"]
[Date "2024.01.23"]
[Round "9"]
[White "Grandmaster2B"]
[Black "emeli_chess"]
[Result "1/2-1/2"]
[WhiteElo "2774"]
[BlackElo "2485"]
[TimeControl "180+1"]
[EndTime "15:44:20 PST"]
[Termination "Game drawn - timeout vs insufficient material"]

1. c4 e6 2. Nf3 d5 3. e3 c5 4.
d4 Nf6 5. b3 Be7 6. Bd3 O-O 7.
O-O dxc4 8. Bxc4 a6 9. Bb2 b5 10. Bd3 Nbd7 11. Nbd2 Bb7 12. Rc1 Rc8 13. Qe2 Qb6 14. e4 cxd4 15. e5 Rxc1 16. Rxc1 Nd5 17. Nxd4 Nf4 18. Qe3 Nxd3 19. Qxd3 Nxe5 20. Qe3 Ng6 21.
Ne4 e5 22. Nc6 Qxe3 23. fxe3 Rc8 24. Nxe7+ Nxe7 25. Rxc8+ Nxc8 26. Nc5 Bd5 27. Nxa6 f6 28. Nc5 Nd6 29. Kf1 Kf7 30. Ba3 Ne4 31. Nd3 Nc3 32. Nc1 Ke6 33. Bb4 Ne4 34. Ke2 Nd6 35. g3 f5 36. Nd3 Nb7 37. Bc3 e4 38. Nf4+ Kd6 39. Bxg7 Na5 40. Kd2 Nc6 41. Bf8+ Kd7 42. Kc3 Bf7 43. a4 bxa4 44. bxa4 Ne5 45. h3 Kc6 46. Bg7 Nc4 47. Kd4 Nb6 48. a5 Nd7 49. Ne2 Kb5 50. g4 fxg4 51. hxg4 Kxa5 52. Kxe4 Kb5 53. Nd4+ Kc5 54. Nf3 Kd6 55. Kf4 Ke7 56. Ng5 Bg6 57.
Nf3 Nf6 58. g5 Nd5+ 59. Kg4 Nxe3+ 60. Kf4 Nd5+ 61. Kg3 Ne3 62. Kf4 Nd5+ 63. Ke5 Ne3 64. Bf6+ Kf7 65. Kd6 Ng4 66. Bd4 h5 67. gxh6 Nxh6 68.
Ng5+ Ke8 69. Bc3 Nf7+ 70. Ke6 Nxg5+ 71. Kf6 Ne4+ 72. Kg7 Nxc3 73. Kh6 Bd3 74. Kg5 Kd7 75. Kf4 Kc6 76. Ke3 Bh7 77. Kd4 Nb5+ 78. Kc4 Nd6+ 79. Kc3 Kc5 80. Kd2 Kd4 81. Ke2 Ke4 82. Kd2 Kd4 83. Ke2 Be4 84. Kd2 Nf5 85. Kc1 Kc3 86.
Kd1 Kd3 87. Kc1 Nd4 88. Kb2 Bd5 89. Kc1 Kc3 90. Kb1 Ne2 91. Ka1 Kb3 92. Kb1 1/2-1/2

[Event "Late-Titled-Tuesday-Blitz-January-23-2024"]
[Site "Chess.com"]
[Date "2024.01.23"]
[Round "9"]
[White "mbojan"]
[Black "djano"]
[Result "1-0"]
[WhiteElo "2880"]
[BlackElo "2714"]
[TimeControl "180+1"]
[EndTime "15:44:22 PST"]
[Termination "mbojan won on time"]

1. e4 c5 2. Nf3 Nc6 3. d4 cxd4 4. Nxd4 g6 5. Nc3 Bg7 6. Be3 Nf6 7. Nxc6 bxc6 8. e5 Ng8 9. Bd4 f6 10. Qe2 Qa5 11. f4 fxe5 12. Bxe5 Nf6 13. Qc4 Qb6 14. O-O-O d6 15. Bd4 c5 16. Nd5 Nxd5 17. Bxg7 Ne3 18.
Qb5+ Qxb5 19. Bxb5+ Bd7 20. Bxh8 Nxd1 21. Be2 Nf2 22.
Re1 Bc6 23. Bc3 Kd7 24. Bf1 Ne4 25. Re3 Nxc3 26. Rxc3 Rf8 27. g3 g5 28. Bh3+ Kc7 29.
Re3 Kd8 30. f5 h5 31. g4 h4 32. Bf1 Rf6 33. Kd2 Kd7 34. Bc4 d5 35. Bd3 Kd6 36. c4 d4 37. Re1 e6 38. h3 exf5 39.
Bxf5 Bd7 40. Bxd7 Kxd7 41. Re5 Rf2+ 42. Kd3 Rf3+ 43. Kd2 Rxh3 44. Rxg5 Kd6 45. Rd5+ Kc6 46. Rh5 Rh2+ 47. Kd3 Rh3+ 48. Kd2 Rh2+ 49. Kd3 Rh3+ 50. Kc2 a5 51. Rh6+ Kc7 52. g5 Rg3 53. g6 h3 54.
g7 Rxg7 55. Rxh3 Rg2+ 56. Kb3 Re2 57. Rh5 Kb6 58. Rh6+ Kb7 59. Rd6 Re3+ 60. Ka4 Re2 61. Ka3 Re3+ 62. b3 Re2 63. Rd5 Kb6 64. Rd8 Ka6 65. Rd6+ Kb7 66. Rh6 Ka7 67. Rc6 Re5 68. Ka4 Kb7 69. Rd6 Kc7 70. Rh6 Re2 71. a3 Ra2 72.
Rh5 Kb6 73. Rd5 Kc6 74. Rd8 Kb6 75. Rd6+ Kc7 76. Rh6 Kb7 77. Rh5 Kb6 78. Rg5 Kc6 79. Rf5 Kb6 80. Rf6+ Kc7 81. Ra6 d3 82. Rh6 d2 83.
Rh1 Rc2 84. Rd1 Ra2 85. Kxa5 Rxa3+ 86. Kb5 Rxb3+ 87. Kxc5 Rb2 88. Rh1 Rc2 89. Rh7+ 1-0

[Event "Late-Titled-Tuesday-Blitz-January-23-2024"]
[Site "Chess.com"]
[Date "2024.01.23"]
[Round "9"]
[White "CaspiIsrael"]
[Black "Zhigalko_Sergei"]
[Result "0-1"]
[WhiteElo "2678"]
[BlackElo "2956"]
[TimeControl "180+1"]
[EndTime "15:44:35 PST"]
[Termination "Zhigalko_Sergei won on time"]

1. d4 Nf6 2. c4 e6 3. Nc3 Bb4 4.
a3 Bxc3+ 5. bxc3 O-O 6. f3 d5 7.
cxd5 exd5 8. e3 Bf5 9. Ne2 Re8 10. g4 Bxg4 11. fxg4 Ne4 12. Bg2 Qh4+ 13. Ng3 Nxg3 14. hxg3 Qxg3+ 15. Kf1 Re6 16. Ra2 Nd7 17. Rh3 Qd6 18.
g5 Nf8 19. Rf2 c6 20. Qh5 Re7 21. Rhf3 g6 22. Qh6 Rae8 23. Rf6 Qd8 24. Bh3 Qa5 25. Rc2 Qb5+ 26. Kg2 Qd3 27. Rff2 Re4 28. Kh2 Qb5 29.
Bg2 R4e7 30. Qh4 Qb1 31. Qf4 Ne6 32. Qg4 Ng7 33. a4 Nf5 34. Rfe2 a5 35. Qf4 Qb3 36. Bh3 Ng7 37. Bg2 Qxa4 38. Ra2 Qc4 39. Ba3 Re6 40.
Bd6 Nf5 41. Be5 Qxc3 42. Bh3 Rxe5 43. dxe5 Rxe5 44. Rac2 Qa1 45. e4 Nd4 46. Ra2 Nxe2 47. Rxe2 Qd4 48. Qf6 Rxe4 49. Rxe4 Qxe4 50. Qd8+ Kg7 51.
Qf6+ Kf8 52. Qd8+ Qe8 53. Qxa5 Qe5+ 54. Kh1 Qxg5 55. Qa8+ Kg7 56. Qxb7 Qc1+ 57. Kh2 Qd2+ 58. Kh1 Qe1+ 59. Kh2 Qe2+ 60. Bg2 Qe5+ 61. Kh1 Qf6 62. Qd7 h5 63. Kh2 Qe5+ 64. Kh1 Qe1+ 65. Kh2 Qe5+ 66. Kg1 Qe6 67. Qc7 Qf6 68. Qd7 h4 69. Kh2 Qe5+ 70. Kh1 Qe6 71. Qc7 Qe1+ 72. Kh2 Qg3+ 73. Qxg3 hxg3+ 74.
Kxg3 Kf6 75. Kf4 Ke6 76. Kg5 Ke5 77. Kg4 c5 78. Kf3 c4 79. Ke2 d4 80. Kd2 f5 81.
Bf1 Kd5 82. Bg2+ Kc5 83. Bh3 Kd5 84. Bg2+ Ke5 85. Bf1 d3 86. Kc3 Ke4 87. Kxc4 d2 88. Be2 g5 89. Kc3 Ke3 90. Bd1 g4 91. Kc2 g3 92.
Bh5 g2 0-1

[Event "Late-Titled-Tuesday-Blitz-January-23-2024"]
[Site "Chess.com"]
[Date "2024.01.23"]
[Round "9"]
[White "BogdanDeac"]
[Black "tptagain"]
[Result "1/2-1/2"]
[WhiteElo "3076"]
[BlackElo "2950"]
[TimeControl "180+1"]
[EndTime "15:44:50 PST"]
[Termination "Game drawn - insufficient material"]

1. d4 d5 2. Nf3 e6 3. c4 c6 4. Nbd2 Nf6 5. g3 Be7 6. Bg2 O-O 7. Qc2 b6 8. e4 Na6 9. e5 Nd7 10. a3 Bb7 11. cxd5 cxd5 12. O-O Qc7 13. Qd3 Rac8 14. Re1 Nab8 15. Qe3 Ba6 16. Nb1 Nc6 17. b4 Bc4 18.
Nbd2 b5 19. Nxc4 bxc4 20. Bd2 Rb8 21. Rab1 a6 22. h4 Nb6 23. h5 h6 24. Qc3 Na7 25. Qc2 Qd7 26. Bf1 Qa4 27. Qxa4 Nxa4 28. Be2 Nb5 29.
Ra1 Rfc8 30. Bd1 Nb2 31. Bc2 Bd8 32. Bc1 Nd3 33. Bxd3 cxd3 34. Rd1 Rc3 35. a4 Na7 36. Bd2 Rc4 37. Rab1 Nc6 38. Be3 Rbxb4 39. Rxb4 Nxb4 40. Bd2 Nc6 41. Be3 Rxa4 42. Rxd3 a5 43. Rc3 Rc4 44. Rb3 Rb4 45. Ra3 a4 46. Kg2 Kf8 47.
Rc3 Rc4 48. Ra3 Be7 49. Ra1 a3 50. Nd2 Ra4 51. Rc1 Ra6 52. Nb3 Ke8 53. Bd2 a2 54. Bc3 Ra3 55. Na1 Bb4 56. Bb2 Ra6 57. Kf3 Kd7 58.
Rc2 Ba3 59. Bc3 Be7 60. Ke2 Bd8 61. Kd2 Bb6 62. Kd3 Ra4 63. Bd2 Nxd4 64. Rb2 Bc5 65. Be3 Nc6 66. Bxc5 Nxe5+ 67. Ke2 Nc4 68. Rc2 e5 69. Bf8 Ke6 70. Bxg7 f6 71. f3 f5 72. Bxh6 Ra8 73. Bc1 Kf6 74. h6 Kg6 75. Rc3 Rb8 76. Rb3 Ra8 77. Rb5 d4 78. Rc5 Na3 79. Rc6+ Kh7 80.
Rc7+ Kg6 81. Rg7+ Kf6 82. Bg5+ Ke6 83. h7 Rh8 84. g4 Nb1 85. Ra7 Nc3+ 86. Kd3 e4+ 87.
fxe4 fxe4+ 88. Kc4 e3 89. Kd3 e2 90. Bd2 Kf6 91. g5+ Kg6 92. Ra6+ Kxh7 93. Kxd4 Nb5+ 94. Ke3 Re8+ 95. Kf2 Nd4 96. Rxa2 Nb3 97. Be1 Nc5 98. Rd2 Ne4+ 99. Kxe2 Nxd2+ 100. Kxd2 Kg6 101. Bf2 Kxg5 102. Nc2 Rd8+ 103. Bd4 Rxd4+ 104. Nxd4 1/2-1/2

[Event "Late-Titled-Tuesday-Blitz-January-23-2024"]
[Site "Chess.com"]
[Date "2024.01.23"]
[Round "10"]
[White "PapaieDudu"]
[Black "familijatop71"]
[Result "0-1"]
[WhiteElo "2387"]
[BlackElo "2264"]
[TimeControl "180+1"]
[EndTime "15:46:49 PST"]
[Termination "familijatop71 won by resignation"]

1. e4 d5 2. exd5 Qxd5 3. Nc3 Qa5 4. Nf3 c6 5. d4 Nf6 6. Bc4 Bf5 7.
O-O e6 8. a3 Bb4 9. axb4 Qxa1 10. Bg5 Qxd1 11. Rxd1 Bxc2 12. Rd2 Bg6 13. b5 Nbd7 14.
bxc6 bxc6 15. Ba6 Rb8 16. Ne5 Nxe5 17. dxe5 Nd5 18. Na4 0-1

[Event "Late-Titled-Tuesday-Blitz-January-23-2024"]
[Site "Chess.com"]
[Date "2024.01.23"]
[Round "10"]
[White "Rodalquilar"]
[Black "Doomfist26"]
[Result "1-0"]
[WhiteElo "2773"]
[BlackElo "2630"]
[TimeControl "180+1"]
[EndTime "15:46:51 PST"]
[Termination "Rodalquilar won by resignation"]

1. d4 Nf6 2. Nf3 c5 3. c3 g6 4. Bf4 Bg7 5. e3 b6 6. Nbd2 Bb7 7. h3 O-O 8. Be2 d6 9. O-O Ne4 10. Nxe4 Bxe4 11. a4 a6 12. Qb3 Nd7 13. Bh2 Qc7 14. Rfd1 Rfb8 15. Ng5 1-0

[Event "Late-Titled-Tuesday-Blitz-January-23-2024"]
[Site "Chess.com"]
[Date "2024.01.23"]
[Round "10"]
[White "thesupera12"]
[Black "rikchessmx"]
[Result "1-0"]
[WhiteElo "2518"]
[BlackElo "2398"]
[TimeControl "180+1"]
[EndTime "15:48:28 PST"]
[Termination "thesupera12 won by resignation"]

1. d4 Nf6 2. Bg5 e6 3. Bxf6 gxf6 4. Nf3 b6 5. e3 Bb7 6. g3 h5 7. h4 Nc6 8. Bg2 Bd6 9. O-O Qe7 10. c4 f5 11. Nc3 a6 12. d5 Ne5 13. Nxe5 Bxe5 14. dxe6 Bxg2 15. Qxd7+ Qxd7 16. exd7+ Kxd7 17. Kxg2 Bxc3 18.
bxc3 Kc6 19. Rad1 Rad8 20. Kf3 Kc5 21. Rd4 Rxd4 22. cxd4+ Kxc4 23. Rc1+ Kb4 24. Rxc7 b5 25. Rxf7 Rc8 26. Rxf5 Rc2 27. d5 Rxa2 28. Rf4+ Kc5 29. Rd4 Kd6 30. e4 Ra4 31. Ke3 Ra3+ 32. Kf4 a5 33. e5+ Kc5 34. d6 Kxd4 35. d7 Ra4 36. d8=Q+ Kc3+ 37. Ke3 Rc4 38. e6 a4 39. e7 1-0

[Event "Late-Titled-Tuesday-Blitz-January-23-2024"]
[Site "Chess.com"]
[Date "2024.01.23"]
[Round "10"]
[White "kingofthenil"]
[Black "jcibarra"]
[Result "0-1"]
[WhiteElo "2680"]
[BlackElo "2849"]
[TimeControl "180+1"]
[EndTime "15:48:38 PST"]
[Termination "jcibarra won by resignation"]

1. e4 c5 2. d3 Nc6 3. g3 g6 4. Bh6 Bxh6 5. c3 e5 6. Bg2 d6 7. Ne2 Nge7 8. O-O O-O 9. Nd2 f5 10. exf5 gxf5 11. f4 Be6 12. Nc4 e4 13. Ne3 d5 14.
dxe4 dxe4 15. Qe1 Qb6 16. g4 c4 17. Ng3 fxg4 18. Kh1 Rxf4 19. Nxe4 Qxe3 20. Qh4 Ng6 21. Nf6+ Rxf6 22. Qxf6 Rf8 0-1

[Event "Late-Titled-Tuesday-Blitz-January-23-2024"]
[Site "Chess.com"]
[Date "2024.01.23"]
[Round "10"]
[White "chessflav"]
[Black "Knjazj"]
[Result "1-0"]
[WhiteElo "2296"]
[BlackElo "2040"]
[TimeControl "180+1"]
[EndTime "15:49:26 PST"]
[Termination "chessflav won by checkmate"]

1. e4 d6 2. Nc3 e5 3. Bc4 Be6 4.
Qe2 Nf6 5. Nf3 h6 6. O-O Nc6 7. Nd5 Be7 8. c3 O-O 9. d4 Bg4 10. h3 Nxd5 11. exd5 Bxf3 12. Qxf3 Na5 13. Bd3 b6 14.
dxe5 dxe5 15. Qe4 f5 16. Qxe5 Bd6 17. Qe6+ Kh8 18. Bxf5 Qh4 19. Qg6 Kg8 20. Qh7+ Kf7 21. Be6+ Ke7 22. Qxg7+ Ke8 23. Qd7# 1-0

[Event "Late-Titled-Tuesday-Blitz-January-23-2024"]
[Site "Chess.com"]
[Date "2024.01.23"]
[Round "10"]
[White "Msb2"]
[Black "TigrVShlyape"]
[Result "1/2-1/2"]
[WhiteElo "3040"]
[BlackElo "2950"]
[TimeControl "180+1"]
[EndTime "15:49:28 PST"]
[Termination "Game drawn by repetition"]

1. d4 d5 2. c4 c6 3. Nf3 Nf6 4. Nc3 a6 5. Qc2 Bg4 6. Ne5 Be6 7. cxd5 Nxd5 8. e3 Nd7 9. f4 Nxe5 10. dxe5 Nxc3 11.
Qxc3 Qd5 12. Qd4 Qxd4 13. exd4 Bd5 14. Kf2 e6 15. Be3 h5 16. Be2 g6 17. Bf3 Rd8 18.
Rhd1 Be7 19. a3 Bxf3 20. Kxf3 Rd5 21. g3 Kd7 22. Rac1 a5 23. a4 Bb4 24. h3 b5 25.
b3 Kc7 26. Rc2 Kb7 27. Rdc1 Ba3 28. Ra1 Bb4 29. Rac1 Ba3 30. Ra1 Bb4 31. Rac1 1/2-1/2

[Event "Late-Titled-Tuesday-Blitz-January-23-2024"]
[Site "Chess.com"]
[Date "2024.01.23"]
[Round "10"]
[White "Firouzja2003"]
[Black "GHANDEEVAM2003"]
[Result "1-0"]
[WhiteElo "3157"]
[BlackElo "3069"]
[TimeControl "180+1"]
[EndTime "15:49:36 PST"]
[Termination "Firouzja2003 won by resignation"]

1. Nf3 d6 2. d4 g6 3. e4 Bg7 4.
Bc4 Nc6 5. O-O Nf6 6. d5 Nb8 7. Nc3 O-O 8. a4 a5 9. Re1 Na6 10. e5 dxe5 11. Nxe5 Nb4 12. Bg5 Bf5 13. Bb3 h6 14. Bh4 Re8 15. d6 e6 16. d7 Re7 17.
g4 g5 18. gxf5 gxh4 19. fxe6 fxe6 20. Ng6 Rxd7 21. Bxe6+ Kh7 22. Bxd7 Nxd7 23. Re7 Ra6 24. Qxd7 Rxg6+ 25. Kh1 Qf8 26. Rf7 Qc5 27. Rg1 Rxg1+ 28. Kxg1 Qg5+ 29. Kf1 Kg6 30. Rxg7+ 1-0

[Event "Late-Titled-Tuesday-Blitz-January-23-2024"]
[Site "Chess.com"]
[Date "2024.01.23"]
[Round "10"]
[White "NtcPou"]
[Black "carloseduar100"]
[Result "0-1"]
[WhiteElo "2019"]
[BlackElo "2287"]
[TimeControl "180+1"]
[EndTime "15:50:12 PST"]
[Termination "carloseduar100 won by resignation"]

1. e4 e6 2. d4 d5 3. Nd2 c5 4. Ngf3 Nc6 5. exd5 Qxd5 6. Bc4 Qd7 7. O-O cxd4 8. Nb3 Nf6 9. Re1 a6 10. Nbxd4 Nxd4 11. Nxd4 Bd6 12. h3 Qc7 13. Bd3 O-O 14. Bg5 Be5 15. Nf3 Bxb2 16. Rb1 Bc3 17. Qe2 Bxe1 18.
Bxf6 Bxf2+ 19. Kxf2 gxf6 20. Qe4 f5 21. Qh4 f6 22.
Kf1 b5 23. a4 Bb7 24. axb5 Bxf3 25. gxf3 axb5 26. Rxb5 Ra1+ 27. Kg2 Qa7 28. Bf1 Kh8 29. Qh6 Rg8+ 0-1

[Event "Late-Titled-Tuesday-Blitz-January-23-2024"]
[Site "Chess.com"]
[Date "2024.01.23"]
[Round "10"]
[White "angelgab3"]
[Black "j_coca"]
[Result "1-0"]
[WhiteElo "2695"]
[BlackElo "2522"]
[TimeControl "180+1"]
[EndTime "15:50:22 PST"]
[Termination "angelgab3 won by resignation"]

1. e4 g6 2. d4 Bg7 3. Nf3 d6 4.
Bc4 Nh6 5. h3 O-O 6. Qe2 Kh8 7.
O-O Nc6 8. c3 e5 9. dxe5 Nxe5 10. Nxe5 dxe5 11. Be3 Qe7 12. Nd2 f5 13. Nb3 b6 14.
exf5 gxf5 15. Rfe1 f4 16. Bd4 f3 17. Qe4 Qg5 18.
g3 exd4 19. Qxa8 Bxh3 20. Qd5 Qg6 21. Nxd4 Bg2 22. Ne6 Rc8 23. Nf4 Qg4 24. Nxg2 fxg2 25. Qe6 Rf8 26. Qxg4 Nxg4 27. Re2 h5 28. Kxg2 h4 29.
Rh1 Bf6 30. Be6 Nh6 31. f4 Kg7 32. g4 Bd8 33. g5 Nf5 34. Bxf5 Rxf5 35. Rxh4 c5 36.
Kg3 Rd5 37. Kg4 Rd1 38. Reh2 Be7 39. Rh7+ Kf8 40. Rh8+ Kf7 41. R2h7+ Ke6 42. Re8 1-0

[Event "Late-Titled-Tuesday-Blitz-January-23-2024"]
[Site "Chess.com"]
[Date "2024.01.23"]
[Round "10"]
[White "ChessSwole"]
[Black "DvaHrasta"]
[Result "0-1"]
[WhiteElo "2608"]
[BlackElo "2511"]
[TimeControl "180+1"]
[EndTime "15:50:23 PST"]
[Termination "DvaHrasta won by resignation"]

1. e4 c6 2. d4 d5 3. e5 c5 4. dxc5 e6 5. a3 Bxc5 6. Qg4 Ne7 7. Nf3 Nf5 8. Bd3 h5 9. Qf4 Nc6 10. O-O a5 11. Nc3 Nce7 12. Nb5 Ng6 13. Qd2 h4 14.
Bxf5 exf5 15. Qxd5 Qxd5 16. Nc7+ Kf8 17. Nxd5 h3 18.
g3 b6 19. Be3 Bb7 20. Rfd1 Bxe3 21. fxe3 Rd8 22. c4 b5 23. b3 a4 24. Nd4 axb3 25. Nxb5 Nxe5 26. Nb6 Rxd1+ 27. Rxd1 Ke7 28. Nd5+ Bxd5 29.
cxd5 Nf3+ 30. Kh1 Rc8 31. Nd4 Nxd4 32. exd4 b2 33. Kg1 Rc1 0-1

[Event "Late-Titled-Tuesday-Blitz-January-23-2024"]
[Site "Chess.com"]
[Date "2024.01.23"]
[Round "10"]
[White "yobdc"]
[Black "ITheOnlyME"]
[Result "1-0"]
[WhiteElo "2550"]
[BlackElo "2394"]
[TimeControl "180+1"]
[EndTime "15:50:24 PST"]
[Termination "yobdc won by resignation"]

1. d4 Nf6 2. c4 g6 3. Nc3 Bg7 4. e4 d6 5. h3 O-O 6. Be3 e5 7.
d5 a5 8. g4 Na6 9. Nge2 Ne8 10. Ng3 Nc5 11. Be2 c6 12. h4 cxd5 13. cxd5 f5 14.
gxf5 gxf5 15. exf5 Bxf5 16. Nxf5 Rxf5 17. Bg4 Rf8 18.
h5 h6 19. Rg1 Kh8 20. Qd2 Qf6 21. Be2 e4 22. Rg6 Qf5 23. O-O-O Nd3+ 24. Bxd3 exd3 25.
Bxh6 Qxh5 26. Bxg7+ Nxg7 27. Rh6+ Kg8 28. Rxh5 Nxh5 1-0

[Event "Late-Titled-Tuesday-Blitz-January-23-2024"]
[Site "Chess.com"]
[Date "2024.01.23"]
[Round "10"]
[White "Igor_Lysyj"]
[Black "ansko1999"]
[Result "1-0"]
[WhiteElo "2890"]
[BlackElo "2711"]
[TimeControl "180+1"]
[EndTime "15:50:27 PST"]
[Termination "Igor_Lysyj won by resignation"]

1. d4 Nf6 2. c4 e6 3. Nf3 b6 4. a3 Bb7 5. Nc3 d5 6. Bf4 Nbd7 7. Nb5 Rc8 8. Nxa7 Ra8 9. Nb5 Rc8 10. e3 dxc4 11.
Bxc4 Be7 12. O-O Nh5 13. Bg3 O-O 14. Rc1 Nxg3 15. hxg3 c5 16. d5 exd5 17. Bxd5 Ba6 18. Bc4 Nf6 19. Qb3 Ng4 20. Rfd1 Qe8 21. a4 Kh8 22. Na7 Bxc4 23. Qxc4 Ra8 24. Nb5 f5 25. Nc7 Qh5 26. Nxa8 Rf6 27. Qf4 Nh2 28. Nxh2 g5 29. Qe5 1-0

[Event "Late-Titled-Tuesday-Blitz-January-23-2024"]
[Site "Chess.com"]
[Date "2024.01.23"]
[Round "10"]
[White "ccccvhhhj"]
[Black "miraitrunks"]
[Result "0-1"]
[WhiteElo "2452"]
[BlackElo "2128"]
[TimeControl "180+1"]
[EndTime "15:50:28 PST"]
[Termination "miraitrunks won by resignation"]

1. d4 Nf6 2. Bg5 Ne4 3. h4 Nxg5 4. hxg5 d5 5. g6 fxg6 6. e3 Bf5 7. Bd3 e6 8. g4 Bxd3 9. Qxd3 Qf6 10. Qb5+ Nd7 11.
Qxb7 Rb8 12. Qxc7 Rxb2 13. Qc8+ Qd8 14. Qc3 Bb4 15. Ne2 Qa5 16. O-O Bxc3 17. Nbxc3 Rxc2 18. Rfc1 Rxc1+ 19. Rxc1 O-O 20. Ng3 Nb6 21. Nce2 Qxa2 22. Rc7 Rc8 23. Re7 Qb1+ 24. Kg2 Rc6 25. Nf4 a5 26. Nxe6 Rxe6 27. Rxe6 a4 28. e4 a3 29.
exd5 Nxd5 30. Ne4 a2 31. Nd6 Nf4+ 32. Kf3 Nxe6 0-1

[Event "Late-Titled-Tuesday-Blitz-January-23-2024"]
[Site "Chess.com"]
[Date "2024.01.23"]
[Round "10"]
[White "RodokininEV"]
[Black "greekplayer1"]
[Result "0-1"]
[WhiteElo "2619"]
[BlackElo "2732"]
[TimeControl "180+1"]
[EndTime "15:50:29 PST"]
[Termination "greekplayer1 won by resignation"]

1. e4 c5 2. Nf3 d6 3. Bb5+ Nd7 4. O-O a6 5. Bc4 Ngf6 6. Re1 e6 7. c3 b5 8. Bf1 Bb7 9. d3 Be7 10. Nbd2 O-O 11. g3 a5 12. a4 b4 13. Nc4 Re8 14.
Bf4 e5 15. Bg5 h6 16. Bc1 Nb6 17. Nfd2 Ba6 18. Qb3 Nxc4 19. Nxc4 Rb8 20. Qa2 b3 21. Qb1 d5 22. exd5 Nxd5 23. Rxe5 Bf6 24. Rxe8+ Qxe8 25. Bd2 Bb7 26. Bg2 Qe2 27. Be4 Nxc3 28. Bxc3 Bxe4 29. dxe4 Bxc3 30. bxc3 Qxc4 31. Qe1 b2 32. Rb1 Qxa4 33. e5 Qc2 34. e6 fxe6 35. Qxe6+ Kh8 36.
Qe1 a4 37. Kg2 a3 38. Qe5 Rf8 39. Rf1 b1=Q 0-1